 Dungeon Crawl Stone Soup version 0.23.2 (webtiles) character file.

Game seed: 14796261853636681527

6710 Menchi the Cleaver (level 11, -7/95 HPs)
             Began as a Formicid Venom Mage on Apr 11, 2019.
             Was a Believer of Dithmenos.
             Mangled by an orc warlord
             ... wielding a +0 war axe
              (29 damage)
             ... on level 9 of the Dungeon.
             The game lasted 00:39:04 (9529 turns).

Menchi the Cleaver (Formicid Venom Mage)            Turns: 9529, Time: 00:39:05

Health: -7/95      AC: 13    Str: 25    XL:     11   Next: 23%
Magic:  16/19      EV: 12    Int: 15    God:    Dithmenos [**....]
Gold:   288        SH:  0    Dex: 11    Spells: 16/21 levels left

rFire    + . .     SeeInvis +   f - +12 war axe "Ritorho" {holy, Fragile +Inv MR+}
rCold    . . .     Gourm    .   (no shield)
rNeg     . . .     Faith    .   y - +1 ring mail "Tiukob" {rF+ Str+4}
rPois    .         Spirit   .   (helmet unavailable)
rElec    .         Reflect  .   k - +0 cloak
rCorr    .         Harm     .   n - +1 pair of gloves
MR       ++...                  (no boots)
Stlth    +.........             x - amulet of the acrobat
HPRegen  0.25/turn              e - +1 ring of evasion
MPRegen  0.16/turn              u - +3 ring of strength

@: very slightly contaminated, wreathed by umbra
A: permanent stasis, dig shafts and tunnels, four strong arms, antennae 3, beak,
iridescent scales 1, robust 1, strong 1
a: Dig, Shaft Self, Shadow Step, Renounce Religion, Evoke Invisibility


You were on level 9 of the Dungeon.
You worshipped Dithmenos.
Dithmenos was pleased with you.
You were not hungry.

You visited 3 branches of the dungeon, and saw 11 of its levels.

You collected 727 gold pieces.
You spent 439 gold pieces at shops.

Inventory:

Hand Weapons
 a - a +3 falchion of freezing
 f - the +12 war axe "Ritorho" (weapon) {holy, Fragile +Inv MR+}
   (You found it on level 6 of the Dungeon)

   It has been blessed by the Shining One to cause great damage to the undead
   and demons.
   It affects your resistance to hostile enchantments.
   It lets you turn invisible.
   It will be destroyed if unequipped.
Armour
 k - a +0 cloak (worn)
 n - a +1 pair of gloves (worn)
 y - the +1 ring mail "Tiukob" (worn) {rF+ Str+4}
   (You bought it in a shop on level 8 of the Dungeon)

   It affects your strength (+4).
   It protects you from fire.
Jewellery
 e - a +1 ring of evasion (left hand)
 u - a +3 ring of strength (right hand)
 x - an amulet of the acrobat (around neck)
Wands
 d - a wand of scattershot (1)
 l - a wand of digging (10)
 t - a wand of enslavement (8)
 v - a wand of clouds (1)
Scrolls
 g - 8 scrolls of identify
 i - 6 scrolls of remove curse
 j - 2 scrolls of enchant weapon
 p - a scroll of fog
 z - a scroll of enchant armour
 A - 2 scrolls of summoning {unknown}
Potions
 b - 2 potions of brilliance
 h - a potion of magic
 m - 4 potions of curing
 s - a potion of cancellation
Comestibles
 c - 18 rations


   Skills:
 * Level 8.5 Fighting
 * Level 9.3 Axes
 * Level 8.9 Armour
 - Level 1.7 Dodging
 - Level 2.4 Stealth
 + Level 5.9 Spellcasting
 - Level 1.0 Conjurations
 + Level 7.8 Poison Magic


You had 16 spell levels left.
You knew the following spells:

 Your Spells              Type           Power        Failure   Level  Hunger
a - Sting                 Conj/Pois      ###.         3%          1    None
b - Olgreb's Toxic Radia  Pois           ####....     9%          4    ####...

Your spell library contained the following spells:

 Spells                   Type           Power        Failure   Level  Hunger
 Poisonous Vapours        Pois/Air       ###...       6%          2    #......
 Mephitic Cloud           Conj/Pois/Air  ##......     19%         3    ###....
 Venom Bolt               Conj/Pois      ###.......   67%         5    ######.


Dungeon Overview and Level Annotations

Branches:
Dungeon (9/15)             Temple (1/1) D:7            Lair (0/6) D:8
    Orc (1/2) D:9

Altars:
Ashenzari
Cheibriados
Dithmenos
Elyvilon
Fedhas
Gozag
Hepliaklqana
Kikubaaqudgha
Makhleb
Nemelex Xobeh
Okawaru
Qazlal
Ru
Sif Muna
Wu Jian
Xom
Yredelemnul
Zin
The Shining One

Shops:
D:8 [}*[?


Innate Abilities, Weirdness & Mutations

You cannot be hasted, slowed, berserked, paralysed or teleported.
You can dig through walls and to a lower floor.
Your four strong arms can wield two-handed weapons with a shield.
You have a pair of large antennae on your head. (SInv)
You have a beak for a mouth.
You are partially covered in iridescent scales. (AC +2)
You are robust. (+10% HP)
Your muscles are strong. (Str +2)


Message History

Press: ? - help, Dir - move target cursor, p - orc warlord Out of range.
Okay, then.
Evoke which item? (* to show all) (? for menu, Esc to quit)
Aiming: Cloud Cone
Press: ? - help, Dir - move target cursor, f/p - orc warlord
Aim: an orc warlord, wielding a +0 war axe and wearing a +0 plate armour (heavily wounded)
You create a blast of freezing vapour!
The orc warlord is engulfed in freezing vapours.
Casting: Olgreb's Toxic Radiance (safe; 1% risk of failure)
Confirm with . or Enter, or press ? or * to list all spells.
Aiming: Sting (safe; 1% risk of failure)
Press: ? - help, Shift-Dir - straight line, f/p - orc warlord
Aim: an orc warlord, wielding a +0 war axe and wearing a +0 plate armour (heavily wounded, umbra)
The sting hits the orc warlord but does no damage.
The orc warlord is heavily wounded.
You feel a little less clever now.
You feel better.
The orc warlord hits you with a +0 war axe!!
You die...

.....)# #....# #.#
####+## ##'### #.#
#.# #..# #.# #.#
###'#### #.#
####.### #......#
#.##
.......#####......#
#..#
.......##..'..<...#
##.#
.......#..##......#
#.#
.........###....@.#
#.# .......###
#....o.# #.#
.......# #......#
#.## ##.#####
#......# #..## ##.#
#......# ##..# #..#
#......# ##.# #.##
####..## #.# #'####
####ยง## #.# .....#
#.....# #.#


You could see an orc warlord.

Vanquished Creatures
  A two-headed ogre (D:8)
  Psyche (D:8)
  3 trolls
  2 hornets
  A hippogriff (D:9)
  Sigmund (D:5)
  6 orc warriors
  A black bear (D:9)
  2 necrophages
  2 ice beasts
  2 sky beasts
  9 ogres
  3 phantoms
  4 centaurs
  3 bullfrogs
  A scorpion (D:9)
  7 killer bees
  2 crimson imps (D:9)
  4 jellies
  A bullfrog zombie (D:8)
  4 orc priests
  A hound (D:4)
  12 orc wizards
  A bullfrog skeleton (D:5)
  Ijyb (D:3)
  2 iguanas
  Natasha (thrice) (D:3)
  6 worker ants
  A hound skeleton (D:5)
  A howler monkey skeleton (D:7)
  2 gnolls (D:2)
  8 adders
  2 shadow imps
  6 oozes
  A worm (D:2)
  2 dart slugs
  3 leopard geckos
  40 orcs
  8 bats
  7 giant cockroaches
  5 hobgoblins
  11 jackals
  8 kobolds
  6 quokkas
  3 ball pythons
  2 frilled lizards
  A giant cockroach zombie (D:5)
  13 goblins
  A quokka zombie (D:7)
  4 rats
221 creatures vanquished.

Vanquished Creatures (others)
  2 gnolls (D:2)
  A worm (D:2)
  A quokka (D:6)
4 creatures vanquished.

Grand Total: 225 creatures vanquished

Notes
Turn   | Place    | Note
-------+----------+-------------------------------------------
     0 | D:1      | Menchi the Formicid Venom Mage began the quest for the Orb.
     0 | D:1      | Reached XP level 1. HP: 13/13 MP: 3/3
   128 | D:1      | Reached XP level 2. HP: 14/19 MP: 1/5
   779 | D:1      | Reached XP level 3. HP: 18/25 MP: 6/6
   781 | D:1      | Reached skill level 1 in Fighting
   803 | D:1      | Reached skill level 1 in Armour
  1004 | D:2      | Found a stormy altar of Qazlal.
  1129 | D:2      | Reached skill level 1 in Conjurations
  1279 | D:2      | Gained mutation: You are frail. (-10% HP) [potion of
                  | mutation]
  1279 | D:2      | Gained mutation: You are very frail. (-20% HP) [potion of
                  | mutation]
  1279 | D:2      | Gained mutation: You are weak. (Str -2) [potion of
                  | mutation]
  1279 | D:2      | Lost mutation: You are very frail. (-20% HP) [potion of
                  | mutation]
  1280 | D:2      | Lost mutation: You are weak. (Str -2) [potion of mutation]
  1280 | D:2      | Lost mutation: You are frail. (-10% HP) [potion of
                  | mutation]
  1280 | D:2      | Gained mutation: You are robust. (+10% HP) [potion of
                  | mutation]
  1280 | D:2      | Gained mutation: Your body sometimes deteriorates upon
                  | taking damage. [potion of mutation]
  1280 | D:2      | Gained mutation: You evolve. [potion of mutation]
  1288 | D:2      | Reached XP level 4. HP: 17/36 MP: 8/8
  1473 | D:2      | Lost mutation: Your body sometimes deteriorates upon taking
                  | damage. [potion of mutation]
  1473 | D:2      | Gained mutation: Your muscles are strong. (Str +2) [potion
                  | of mutation]
  1473 | D:2      | Gained mutation: You are dopey. (Int -2) [potion of
                  | mutation]
  1473 | D:2      | Gained mutation: You are resistant to hostile enchantments.
                  | (MR+) [potion of mutation]
  1786 | D:2      | Found an iron altar of Okawaru.
  1866 | D:2      | Lost mutation: You are dopey. (Int -2) [evolution]
  2069 | D:3      | Noticed Ijyb
  2080 | D:3      | Killed Ijyb
  2080 | D:3      | Reached XP level 5. HP: 28/41 MP: 6/9
  2165 | D:3      | Found a sacrificial altar of Ru.
  2229 | D:3      | Reached skill level 5 in Poison Magic
  2452 | D:3      | Reached XP level 6. HP: 48/50 MP: 10/10
  2512 | D:3      | Noticed Natasha
  2521 | D:3      | Killed Natasha
  2660 | D:3      | Noticed Natasha
  2665 | D:3      | Killed Natasha
  2756 | D:3      | Noticed Natasha
  2768 | D:3      | Killed Natasha
  3076 | D:4      | Reached XP level 7. HP: 47/57 MP: 10/12
  3558 | D:4      | Reached skill level 5 in Armour
  3578 | D:5      | Entered Level 5 of the Dungeon
  3915 | D:5      | Found a blossoming altar of Fedhas.
  3920 | D:5      | Gained mutation: You are partially covered in iridescent
                  | scales. (AC +2) [evolution]
  3941 | D:5      | Reached XP level 8. HP: 27/67 MP: 4/13
  4309 | D:5      | Reached skill level 5 in Fighting
  4549 | D:5      | Learned a level 4 spell: Olgreb's Toxic Radiance
  4583 | D:5      | Noticed Sigmund
  4600 | D:5      | Killed Sigmund
  4914 | D:6      | Found a white marble altar of Elyvilon.
  4999 | D:6      | Found a shattered altar of Ashenzari.
  5058 | D:6      | Reached XP level 9. HP: 57/75 MP: 12/16
  5120 | D:6      | Found an opulent altar of Gozag.
  5120 | D:6      | Found a sparkling altar of Nemelex Xobeh.
  5196 | D:6      | Found a glowing golden altar of the Shining One.
  5269 | D:6      | Reached skill level 5 in Spellcasting
  5288 | D:6      | Got a crystal war axe
  5289 | D:6      | Identified the +12 war axe "Ritorho" {holy, Fragile +Inv
                  | MR+} (You found it on level 6 of the Dungeon)
  5409 | D:6      | Reached skill level 1 in Axes
  5415 | D:6      | Reached skill level 2 in Axes
  5732 | D:7      | Found a staircase to the Ecumenical Temple.
  5740 | D:7      | Reached skill level 3 in Axes
  5822 | D:7      | Lost mutation: You are resistant to hostile enchantments.
                  | (MR+) [evolution]
  5829 | Temple   | Entered the Ecumenical Temple
  5871 | Temple   | Became a worshipper of Dithmenos the Shadowed
  5930 | D:7      | Found an ornate altar of the Wu Jian Council.
  5958 | D:7      | Found a glowing silver altar of Zin.
  6042 | D:7      | Found a shimmering altar of Xom.
  6147 | D:7      | Found a deep blue altar of Sif Muna.
  6257 | D:7      | Reached skill level 4 in Axes
  6377 | D:7      | Noticed a hornet
  6384 | D:7      | Killed a hornet
  6525 | D:7      | Gained mutation: You have a beak for a mouth. [evolution]
  6525 | D:7      | Lost mutation: You evolve. [end of evolution]
  6822 | D:8      | Found Ilachoi's Armour Shop.
  6839 | D:8      | Noticed Psyche
  6850 | D:8      | Killed Psyche
  6850 | D:8      | Reached skill level 5 in Axes
  6850 | D:8      | Reached XP level 10. HP: 40/86 MP: 14/18
  7080 | D:8      | Found a staircase to the Lair.
  7129 | D:8      | Found Utuygrac's General Store.
  7146 | D:8      | Noticed a two-headed ogre
  7158 | D:8      | Bought the +1 ring mail "Tiukob" {rF+ Str+4} for 439 gold
                  | pieces
  7181 | D:8      | Killed a two-headed ogre
  7181 | D:8      | Reached skill level 6 in Axes
  7209 | D:8      | Reached skill level 7 in Axes
  7258 | D:8      | Found Onoz's Armour Emporium.
  7274 | D:8      | Found a snail-covered altar of Cheibriados.
  7342 | D:8      | Reached * piety under Dithmenos
  7420 | D:8      | Found Jytuwn's Magic Scroll Shoppe.
  7596 | D:8      | Found Soupukudgh's Gadget Shop.
  7769 | D:9      | Found a staircase to the Orcish Mines.
  8156 | D:9      | Reached skill level 8 in Axes
  8162 | D:9      | Reached XP level 11. HP: 65/94 MP: 15/19
  8703 | Orc:1    | Entered Level 1 of the Orcish Mines
  8716 | Orc:1    | Reached skill level 9 in Axes
  8733 | Orc:1    | Noticed an orc warlord
  8745 | Orc:1    | HP: 2/95 [orc warlord/+0 war axe (18)]
  8746 | Orc:1    | Noticed an orc sorcerer
  9099 | D:9      | Reached ** piety under Dithmenos
  9489 | Orc:1    | Noticed a soul eater
  9529 | D:9      | Mangled by an orc warlord

Skill      XL: |  1  2  3  4  5  6  7  8  9 10 11 |
---------------+----------------------------------+-----
Fighting       | 1 2 3 4 5 7 8 |  8.5
Armour         | 1 2 3 4 5 7 8 |  8.9
Conjurations   | 1 |  1.0
Spellcasting   | 3 4 5 |  5.9
Poison Magic   | 5 6 7 |  7.8
Axes           | 5 8 9 |  9.3
Dodging        | |  1.7
Stealth        | |  2.4

Action                   |  1- 3 |  4- 6 |  7- 9 | 10-12 || total
-------------------------+-------+-------+-------+-------++-------
Melee: Hand axe          |    95 |    31 |       |       ||   126
       Falchion          |       |   104 |   133 |       ||   237
       War axe           |       |       |    76 |   143 ||   219
       Peck              |       |       |     2 |    26 ||    28
 Cast: Sting             |    18 |    20 |    36 |    10 ||    84
       Olgreb's Toxic Ra |       |       |     5 |     8 ||    13
Evoke: Wand              |       |       |     2 |     7 ||     9
  Use: Potion            |     3 |     1 |     4 |     6 ||    14
       Scroll            |     2 |     1 |    12 |     1 ||    16
 Stab: Invisible         |     1 |     1 |       |     1 ||     3
  Eat: Chunk             |     2 |     6 |     9 |    10 ||    27
       Ration            |       |       |     1 |     1 ||     2
Armor: Robe              |     6 |       |       |       ||     6
       Chain mail        |    47 |    32 |       |       ||    79
       Scale mail        |       |    49 |   151 |     7 ||   207
       Ring mail         |       |       |       |    42 ||    42
Dodge: Dodged            |    51 |    88 |   204 |   128 ||   471
       Rpst.: Falchion   |       |    22 |    44 |       ||    66
